 Seeded DCSS version 0.30-a0-313-gae38170b09 (webtiles) character file.

Game seed: 2297256199445343015 (custom seed)

645 Hubris850 the Spear-Bearer (level 7, -7/51 HPs)
             Began as a Merfolk Gladiator on Oct 26, 2022.
             Mangled by an ogre
             ... wielding a +0 giant club
              (15 damage)
             ... on level 5 of the Dungeon.
             The game lasted 00:08:14 (4868 turns).

Hubris850 the Spear-Bearer (Merfolk Gladiator)      Turns: 4868, Time: 00:08:15

Health: -7/51      AC:  7    Str: 16    XL:     7   Next: 52%
Magic:  7/7        EV: 12    Int:  7    God:
Gold:   210        SH:  5    Dex: 16    Spells: 6/6 levels left

rFire   . . .      SeeInvis +    a - +0 trident
rCold   . . .      Faith    .    F - +1 buckler
rNeg    . . .      Spirit   .    w - +0 ring mail
rPois   .          Reflect  .    r - +1 helmet
rElec   .          Harm     .    (no cloak)
rCorr   .          Rampage  .    (no gloves)
Will    .....                    (no boots)
Stlth   +.........               (no amulet)
HPRegen 0.28/turn                h - ring of see invisible
MPRegen 0.10/turn                (no ring)

@: no status effects
A: (nimble swimmer 2), mertail
a: no special abilities


You were on level 5 of the Dungeon.
You visited 1 branch of the dungeon, and saw 5 of its levels.

You collected 210 gold pieces.

Inventory:

Hand Weapons
 a - a +0 trident (weapon)
Missiles
 d - 4 throwing nets
 e - a javelin
 k - 7 poisoned darts (quivered)
 D - a curare-tipped dart
Armour
 b - a +0 leather armour
 c - a +0 helmet
 r - a +1 helmet (worn)
 w - a +0 ring mail (worn)
 F - a +1 buckler (worn)
Jewellery
 h - a ring of see invisible (left hand)
 z - a ring of positive energy
Wands
 t - a wand of flame (14)
 A - a wand of charming (10)
Scrolls
 i - 2 scrolls of butterflies
 n - a scroll of teleportation
 p - a scroll of noise
 B - a scroll of vulnerability
Potions
 g - a potion of resistance {unknown}
 l - a potion of curing {unknown}
 q - a potion of attraction {unknown}
 s - a potion of berserk rage {unknown}
 v - a potion of might
 x - 3 potions of lignification
 C - 2 potions of haste
 E - a potion of flight {unknown}


   Skills:
 + Level 2.8 Fighting
 * Level 9.1 Polearms
 + Level 4.6 Throwing
 - Level 4.0 Dodging
 + Level 1.2 Shields


You had 6 spell levels left.
You didn't know any spells.
Your spell library contained the following spells:

 Spells                   Type           Power      Damage    Failure   Level
 Shock                    Conj/Air       0%         1d3       77%         1
 Cigotuvi's Dreadful Rot  Necr/Pois/Air  0%         N/A       88%         2
 Poisonous Vapours        Pois/Air       0%         N/A       88%         2
 Mephitic Cloud           Conj/Pois/Air  0%         N/A       98%         3
 Swiftness                Air            0%         N/A       98%         3
 Airstrike                Air            0%         2d(0-16)  100%        4


Dungeon Overview and Level Annotations

Branches:
Dungeon (5/15)             Temple (0/1) D:4

Altars:
Elyvilon
Fedhas

Shops:
D:1 (


Innate Abilities, Weirdness & Mutations

((You are very nimble when in or above water. (Stealth+, EV+, Speed+++)))
Your lower body shifts to a powerful aquatic tail in water.


Message History

The white imp gestures at you. The puff of frost hits you!
An ogre comes into view. It is wielding a +0 giant club.
The ogre shouts!
You reach to attack!
You barely miss the white imp. The white imp gestures at you.
The puff of frost hits you.
You reach to attack!
You hit the ogre.
The ogre is moderately wounded.
A scorpion comes into view.
You reach to attack!
You closely miss the ogre.
The ogre is moderately wounded.
The white imp gestures at you. The puff of frost hits you!
You puncture the ogre!
The ogre is heavily wounded.
The ogre misses you. The white imp gestures at you. The puff of frost hits you.
You hit the ogre.
The ogre is heavily wounded.
The ogre barely misses you.
You hit the ogre.
The ogre is severely wounded.
You hit the ogre.
The ogre is almost dead.
The ogre hits you with a +0 giant club!!
* * * LOW HITPOINT WARNING * * *
You barely miss the ogre.
The ogre is almost dead.
You block the ogre's attack.
You barely miss the ogre.
The ogre is almost dead.
You hit the ogre.
The ogre is almost dead.
The ogre closely misses you.
You hit the ogre but do no damage.
The ogre is almost dead.
The ogre hits you with a +0 giant club!
You die...

## # ..# #. ....
# #.#####....
#.#.#.#........
...........
#.s5?.#.#
.#####O#.#.#
.....#@#.#.#####
.................
#####.........##
#..#....#..#
#..##....## .
#..#......#..#
..)##..##..##.#
##..#..## #.[#.#
## #..####..#.#


You could see an ogre, a scorpion and a white imp.

Vanquished Creatures
  A black bear (D:4)
  A kobold brigand (D:4)
  A scorpion (D:4)
  A howler monkey (D:4)
  A jelly (D:5)
  A hound (D:4)
  An iguana (D:4)
  Jessica (D:2)
  An orc wizard (D:3)
  Natasha (thrice) (D:2)
  Robin (D:2)
  4 adders
  An ufetubus (D:4)
  A worm (D:4)
  2 dart slugs (D:1)
  11 orcs
  5 ball pythons
  8 endoplasms
  3 giant cockroaches
  16 goblins
  13 hobgoblins
  3 jackals (D:1)
  5 kobolds
  2 quokkas
  7 bats
  4 frilled lizards
  9 rats
107 creatures vanquished.

Notes
Turn   | Place    | Note
-------+----------+-------------------------------------------
     0 | D:1      | Hubris850 the Merfolk Gladiator began the quest for the
                  | Orb.
     0 | D:1      | Reached XP level 1. HP: 16/16 MP: 1/1
    12 | D:1      | Found Iveiqaycs's Weapon Shoppe.
    85 | D:1      | Reached XP level 2. HP: 22/22 MP: 2/2
   577 | D:1      | Reached skill level 5 in Polearms
   593 | D:1      | Reached XP level 3. HP: 27/27 MP: 3/3
  1179 | D:2      | Noticed Robin
  1360 | D:2      | Reached XP level 4. HP: 30/33 MP: 4/4
  1371 | D:2      | Noticed Natasha
  1377 | D:2      | Killed Natasha
  1378 | D:2      | Reached skill level 6 in Polearms
  1384 | D:2      | Noticed Natasha
  1393 | D:2      | Killed Natasha
  1464 | D:2      | Killed Robin
  1465 | D:2      | Reached XP level 5. HP: 32/36 MP: 5/5
  1567 | D:2      | Found a white marble altar of Elyvilon.
  1568 | D:2      | Noticed Jessica
  1586 | D:2      | Killed Jessica
  1853 | D:2      | Noticed Natasha
  1864 | D:2      | Killed Natasha
  1865 | D:2      | Reached skill level 7 in Polearms
  2505 | D:3      | Found a faded altar of an unknown god.
  2716 | D:3      | Found a blossoming altar of Fedhas.
  2893 | D:3      | Reached XP level 6. HP: 41/44 MP: 6/6
  3163 | D:4      | Reached skill level 8 in Polearms
  3504 | D:4      | Reached XP level 7. HP: 33/50 MP: 7/7
  3937 | D:4      | Found a staircase to the Ecumenical Temple.
  4400 | D:4      | Reached skill level 9 in Polearms
  4400 | D:4      | Reached skill level 1 in Shields
  4775 | D:5      | Entered Level 5 of the Dungeon
  4868 | D:5      | Mangled by an ogre

Illustrated notes

Levels and vault maps discovered:
D:1:      dpeg_arrival_arbitrary_c, layout_basic, serial_shops, shop_statue
D:2:      layout_loops_ring, basic_altar, minmay_misc_feat_plants, uniq_robin,
          uniq_natasha, uniq_jessica
D:3:      layout_basic, fedhas_altar_2, shapermc_ecumenical_altar_starsandcircs
D:4:      layout_layer_cave, minmay_temple_entry_hall, minmay_misc_feat_x,
          kennysheep_generic_room_16
D:5:      layout_basic, grunt_qazlal_clouds, kennysheep_slug_shrine,
          minmay_misc_feat_iff

Skill      XL: |  1  2  3  4  5  6  7 |
---------------+----------------------+-----
Polearms       | 5 6 7 8 9 |  9.1
Throwing       | 3 4 |  4.6
Shields        | 1 |  1.2
Fighting       | |  2.8
Dodging        | |  4.0

Action                   |  1- 3 |  4- 6 |  7- 9 || total
-------------------------+-------+-------+-------++-------
Melee: Trident           |   131 |   187 |    63 ||   381
       Punch             |       |     3 |       ||     3
Throw: Dart              |     5 |    14 |       ||    19
       Throwing net      |       |     1 |       ||     1
  Use: Scroll            |       |       |    11 ||    11
       Potion            |       |       |     1 ||     1
 Stab: Sleeping          |     3 |     1 |       ||     4
       Held in net/web   |       |     2 |       ||     2
Armor: Leather armour    |    27 |     9 |       ||    36
       Ring mail         |       |    35 |    16 ||    51
Dodge: Dodged            |    84 |    95 |    26 ||   205
Block: Buckler           |       |       |     4 ||     4

Table legend: (Time is in decaauts)
 A = Elapsed time spent in this place.
 B = Non-inter-level travel time spent in this place.
 C = Inter-level travel time spent in this place.
 D = Time resting spent in this place.
 E = Time spent auto-exploring this place.
 F = Levels seen in this place.
 G = Mean time per level.
                   A        B        C        D        E       F      G
               +--------+--------+--------+--------+--------+-----+--------+
         Total |   4859 |   4727 |    132 |    436 |   3497 |   5 |  971.8 |
       Dungeon |   4859 |   4727 |    132 |    436 |   3497 |   5 |  971.8 |
               +--------+--------+--------+--------+--------+-----+--------+

Top non-repeatable levels by time:
     D:4: 1660 daAuts
     D:2: 1220 daAuts
     D:1: 1003 daAuts
     D:3: 883 daAuts
     D:5: 91 daAuts
